 Dungeon Crawl Stone Soup version 0.18-a0-1071-g9f02aef (webtiles) character file.

14136 MrRokkomies the Basher (level 12, -2/73 HPs)
             Began as a Gargoyle Fighter on Jan 14, 2016.
             Was an Elder of Qazlal.
             Killed from afar by an ice statue (15 damage)
             ... with a shard of ice
             ... in an ice cave.
             The game lasted 00:36:17 (11163 turns).

MrRokkomies the Basher (Gargoyle Fighter)          Turns: 11163, Time: 00:36:17

Health: -2/73      AC: 34    Str: 24    XL:     12   Next: 13%
Magic:  18/18      EV:  9    Int: 10    God:    Qazlal [****..]
Gold:   842        SH: 17    Dex: 17    Spells: 1 memorised, 8 levels left

rFire  . . .     SeeInvis +     a - +5 flail (protect)
rCold  + + .     Gourm    .     g - +0 plate armour
rNeg   + . .     Faith    .     c - +0 shield
rPois  ∞         Spirit   .     (no helmet)
rElec  +         Dismiss  .     e - +2 cloak "Loquu" {Dex+5}
rCorr  +         Reflect  .     y - +2 pair of gloves {Str+3}
SustAt .         Harm     .     (no boots)
MR     .....                    t - amulet of magic regeneration
Stlth  ..........               V - ring of ice
                                J - ring of the Lion {Wiz +Fly SInv}

@: resistant, very slightly contaminated, repel missiles, invisible (expiring),
not resistant to hostile enchantments, extremely unstealthy
A: negative energy resistance 1, electricity resistance, unbreathing,
petrification resistance, rot immunity, AC +8
a: Upheaval, Elemental Force, Renounce Religion, Evoke Flight


You were in an ice cave.
You worshipped Qazlal.
Qazlal was greatly pleased with you.
You were not hungry.

You visited 3 branches of the dungeon, and saw 13 of its levels.
You also visited: Ice Cave.

You collected 842 gold pieces.

Inventory:

Hand Weapons
 a - a +5 flail of protection (weapon)
 C - a +2 dagger of venom
Missiles
 k - 4 javelins (quivered)
 v - 19 tomahawks
Armour
 c - a +0 shield (worn)
 e - the +2 cloak "Loquu" (worn) {Dex+5}
   (You found it on level 2 of the Lair of Beasts)

   It affects your dexterity (+5).
 g - a +0 plate armour (worn)
 y - a +2 pair of gloves of strength (worn)
Rods
 R - a +2 rod of the swarm (13/13)
   (You took it off a two-headed ogre on level 10 of the Dungeon)
Jewellery
 d - an uncursed ring of resist corrosion
 r - a +3 ring of strength
 t - an amulet of magic regeneration (around neck)
 J - the ring of the Lion (left hand) {Wiz +Fly SInv}
   (You found it on level 7 of the Dungeon)

   [ring of wizardry]

   It improves your spell success rate.
   It lets you see invisible.
   It lets you fly.
 V - a ring of ice (right hand)
Wands
 b - a wand of paralysis (9/24)
 A - a wand of teleportation (2/9)
 N - a wand of enslavement (1/24)
 S - a wand of confusion (8/48)
Scrolls
 i - a scroll of magic mapping
 j - a scroll of immolation
 o - 6 scrolls of remove curse
 p - 2 scrolls of teleportation
 L - a scroll of fog
 M - 2 scrolls of blinking
 X - a scroll of fear
Potions
 K - 2 potions of lignification
 O - a potion of experience {unknown}
 T - a potion of magic {unknown}
Comestibles
 f - 8 bread rations
 h - a beef jerky
 l - 3 meat rations
 m - a chunk of flesh
 q - 10 slices of pizza
 x - 14 fruits
 U - a royal jelly


   Skills:
 - Level 8.0 Fighting
 - Level 11.0 Maces & Flails
 - Level 8.0 Armour
 * Level 5.1 Dodging
 - Level 9.2 Shields
 * Level 9.1 Invocations


You had 8 spell levels left.
You knew the following spells:

 Your Spells              Type           Power        Failure   Level  Hunger
a - Ignite Poison         Fire/Trmt/Pois #.......     100%        3    ####...


Dungeon Overview and Level Annotations

Branches:
Dungeon (10/15)            Temple (1/1) D:7            Lair (2/8) D:10
    Orc (0/2) D:9

Altars:
Ashenzari
Cheibriados
Dithmenos
Elyvilon
Fedhas
Gozag
Kikubaaqudgha
Makhleb
Nemelex Xobeh
Okawaru
Pakellas
Qazlal
Ru
Sif Muna
Trog
Vehumet
Xom
Yredelemnul
Zin
The Shining One
Beogh

Shops:
D:4 !   D:8 !

Annotations:
IceCv exclusion: ice statue


Innate Abilities, Weirdness & Mutations

You are resistant to torment.
Your stone body is resilient (AC +8).
You are immune to poison.
You resist negative energy.
You are resistant to electric shocks.
You can survive without breathing.
You are immune to petrification.
You are immune to rotting.


Message History

You block the ice beast's attack.
Drink which item? (? for menu, Esc to quit)
You feel better.
The ice beast hits you but does no damage.
The ice beast barely misses you. The ice statue throws cold at you.
The freezing blast engulfs you! You resist.
* * * LOW HITPOINT WARNING * * *
Drink which item? (? for menu, Esc to quit)
You feel better.
You are engulfed in freezing vapours.
You resist. You block the ice beast's attack. x2
You completely miss the ice statue.
The ice statue is severely damaged.
You are engulfed in freezing vapours.
You resist.
* * * LOW HITPOINT WARNING * * *
The ice beast hits you but does no damage.
You block the ice beast's attack. The ice statue throws ice at you.
The shard of ice hits you! You partially resist.
You die...

###########
##.........##
#...8.}.8...#
##....§./....##
#.....§§§Y§...#
#.....§Y@8§...#
#.....§§.§....#
##.....§§.§..##
#...........#
#...........#
##.........##
##...\...##
##.....##
#######


You could see an ice statue and 2 ice beasts.

Vanquished Creatures
  A hydra (Lair:1)
  The ghost of MrRokkomies the Basher, a journeyman GrFi of Pakellas (D:10)
  Pikel (D:4)
  A wolf spider (D:10)
  Maurice (D:9)
  A black mamba (Lair:1)
  A guardian serpent (D:9)
  An ice statue (IceCv)
  A komodo dragon (Lair:1)
  3 trolls
  A two-headed ogre (D:10)
  Grinder (D:5)
  Sigmund (D:5)
  11 yaks
  A human (D:7)
  A hungry ghost (D:7)
  A hippogriff (D:7)
  5 wolves (Lair:1)
  Edmund (D:6)
  3 water moccasins
  7 porcupines
  An eye of draining (D:6)
  4 orc warriors
  A slave (D:3)
  A sky beast (D:8)
  A necrophage (D:7)
  8 ice beasts
  6 ogres
  A phantom (D:7)
  7 centaurs
  2 crocodiles
  Blork the orc (D:5)
  8 giant frogs
  Dowan (D:7)
  5 scorpions
  2 killer bees (D:10)
  2 electric eels
  2 wights (D:7)
  4 crimson imps
  2 jellies (D:9)
  2 giant frog skeletons (D:5)
  8 hounds
  5 orc priests
  Ijyb (D:2)
  Terence (D:2)
  6 iguanas
  9 orc wizards
  9 worker ants
  3 sheep (D:7)
  2 killer bee zombies (D:7)
  2 mummies (D:7)
  14 adders
  7 gnolls
  23 river rats
  5 shadow imps
  11 white imps (Lair:2)
  2 oozes
  An adder zombie (D:7)
  3 adder skeletons
  6 worms
  6 giant geckos
  31 orcs
  A ball python (D:2)
  8 giant cockroaches
  4 goblins
  6 hobgoblins
  10 jackals
  2 quokkas
  10 bats
  A giant gecko skeleton (D:4)
  A giant gecko zombie (D:7)
  6 giant newts
  8 kobolds
  A quokka skeleton (D:8)
  10 rats
  9 fungi (D:10)
  7 plants (D:10)
345 creatures vanquished.

Vanquished Creatures (collateral kills)
  An orc priest (D:9)
  6 orcs (D:9)
7 creatures vanquished.

Vanquished Creatures (others)
  Duvessa (D:7)
  An orc wizard (D:5)
  2 fungi (D:10)
4 creatures vanquished.

Grand Total: 356 creatures vanquished

Notes
Turn   | Place    | Note
--------------------------------------------------------------
     0 | D:1      | MrRokkomies the Gargoyle Fighter began the quest for the Orb.
     0 | D:1      | Reached XP level 1. HP: 14/14 MP: 1/1
   115 | D:1      | Reached XP level 2. HP: 20/20 MP: 2/2
   269 | D:1      | Reached skill level 4 in Fighting
   869 | D:2      | Noticed Terence
   884 | D:2      | Killed Terence
   884 | D:2      | Reached skill level 5 in Fighting
   884 | D:2      | Reached XP level 3. HP: 16/26 MP: 3/3
  1205 | D:2      | Reached XP level 4. HP: 16/31 MP: 4/4
  1521 | D:2      | Noticed Ijyb
  1558 | D:2      | Killed Ijyb
  1613 | D:2      | Reached XP level 5. HP: 21/35 MP: 5/5
  1980 | D:3      | Found a shimmering altar of Xom.
  2094 | D:3      | Found a shimmering altar of Xom.
  2094 | D:3      | Found a shimmering altar of Xom.
  2096 | D:3      | Found a shimmering altar of Xom.
  2097 | D:3      | You fall through a shaft for 2 floors!
  2097 | D:5      | Entered Level 5 of the Dungeon
  2107 | D:5      | Reached skill level 6 in Fighting
  2107 | D:5      | Reached XP level 6. HP: 34/41 MP: 6/6
  2189 | D:5      | Found a sparkling altar of Nemelex Xobeh.
  2199 | D:5      | Noticed Sigmund
  2224 | D:5      | Killed Sigmund
  2224 | D:5      | Reached skill level 7 in Fighting
  2224 | D:5      | Reached XP level 7. HP: 45/48 MP: 7/7
  2298 | D:5      | Noticed Grinder
  2303 | D:5      | Paralysed by Grinder for 4 turns
  2327 | D:5      | Killed Grinder
  2327 | D:5      | Reached skill level 5 in Maces & Flails
  3297 | D:3      | Found a sacrificial altar of Ru.
  3297 | D:3      | Found a deep blue altar of Sif Muna.
  3628 | D:4      | Reached XP level 8. HP: 54/54 MP: 8/8
  3668 | D:4      | Reached skill level 8 in Fighting
  3780 | D:4      | Noticed Pikel
  3793 | D:4      | Killed Pikel
  3793 | D:4      | Reached skill level 5 in Armour
  4005 | D:4      | Found Vumax's Distillery.
  4354 | D:5      | Noticed Blork the orc
  4376 | D:5      | Killed Blork the orc
  4418 | D:5      | Reached XP level 9. HP: 22/59 MP: 9/9
  4967 | D:6      | Learned a level 3 spell: Ignite Poison
  5113 | D:6      | Noticed Edmund
  5274 | D:6      | Found Yddua's Jewellery Emporium.
  5492 | D:6      | Killed Edmund
  5796 | D:7      | Reached skill level 9 in Maces & Flails
  5812 | D:7      | Found a snail-covered altar of Cheibriados.
  6048 | D:7      | Noticed Duvessa
  6048 | D:7      | Noticed Dowan
  6053 | D:7      | Killed Duvessa
  6062 | D:7      | Killed Dowan
  6062 | D:7      | Reached XP level 10. HP: 64/64 MP: 10/10
  6086 | D:7      | Reached skill level 5 in Shields
  6124 | D:7      | Found a sacrificial altar of Ru.
  6252 | D:7      | Reached skill level 10 in Maces & Flails
  6462 | D:7      | Got a transparent marble ring
  6474 | D:7      | Gained mutation: You have a pair of small horns on your head. [potion of mutation]
  6474 | D:7      | Gained mutation: Armour fits poorly on your strangely shaped body. [potion of mutation]
  6474 | D:7      | Gained mutation: You are clumsy. (Dex -2) [potion of mutation]
  6475 | D:7      | Lost mutation: Armour fits poorly on your strangely shaped body. [potion of cure mutation]
  6475 | D:7      | Lost mutation: You have a pair of small horns on your head. [potion of cure mutation]
  6475 | D:7      | Lost mutation: You are clumsy. (Dex -2) [potion of cure mutation]
  6498 | D:7      | Identified the ring of the Lion {Wiz +Fly SInv} (You found it on level 7 of the Dungeon)
  6500 | D:7      | Found a staircase to the Ecumenical Temple.
  6506 | Temple   | Entered the Ecumenical Temple
  6566 | Temple   | Became a worshipper of Qazlal Stormbringer
  6894 | D:8      | Found Bareps's Distillery.
  7786 | D:9      | Found a staircase to the Orcish Mines.
  7800 | D:9      | Found a roughly hewn altar of Beogh.
  7802 | D:9      | Reached * piety under Qazlal
  8117 | D:9      | Reached skill level 11 in Maces & Flails
  8216 | D:9      | Noticed Maurice
  8234 | D:9      | Killed Maurice
  8234 | D:9      | Reached skill level 1 in Invocations
  8270 | D:9      | Noticed a guardian serpent
  8297 | D:9      | Killed a guardian serpent
  8747 | D:10     | Entered Level 10 of the Dungeon
  8747 | D:10     | Noticed MrRokkomies's ghost (journeyman GrFi)
  8786 | D:10     | Reached XP level 11. HP: 55/68 MP: 13/13
  8864 | D:10     | Found a staircase to the Lair.
  8867 | D:10     | Reached ** piety under Qazlal
  9344 | D:10     | Killed MrRokkomies's ghost
  9344 | D:10     | Reached skill level 5 in Invocations
  9359 | D:10     | Noticed a wolf spider
  9370 | D:10     | Killed a wolf spider
  9370 | D:10     | Reached skill level 1 in Dodging
  9532 | D:10     | Identified a +2 rod of the swarm (13/13) (You took it off a two-headed ogre on level 10 of the Dungeon)
  9757 | Lair:1   | Entered Level 1 of the Lair of Beasts
  9935 | Lair:1   | Noticed a six-headed hydra
  9946 | Lair:1   | Killed a six-headed hydra
  9972 | Lair:1   | Reached *** piety under Qazlal
 10996 | Lair:2   | Reached XP level 12. HP: 69/73 MP: 18/18
 11019 | Lair:2   | Got a shimmering cloak
 11031 | Lair:2   | Reached **** piety under Qazlal
 11035 | Lair:2   | Found a frozen archway.
 11063 | IceCv    | Entered an ice cave
 11091 | IceCv    | Reached skill level 5 in Dodging
 11126 | IceCv    | Identified the +2 cloak "Loquu" {Dex+5} (You found it on level 2 of the Lair of Beasts)
 11163 | IceCv    | Killed from afar by an ice statue

Vault maps used:
D:1:      sevenhm_arrival_forest_fort_small_3, serial_bayou_lagoon_a
D:2:      uniq_iyjb, uniq_terence
D:3:      gammafunk_temple_overflow_wave, portal_sewer_entry_d, first_bread,
          xom_redecorated
D:4:      serial_shops, kennysheep_mini, uniq_pikel
D:5:      nemelex_dance_club_becter, uniq_grinder, uniq_blork_the_orc,
          uniq_sigmund
D:6:      serial_shops, nicolae_shop_behind_doors, uniq_edmund
D:7:      minmay_temple_entry_trees, basic_altar, serial_undead,
          serial_undead_f, serial_undead_c, serial_undead_f, serial_undead_f,
          serial_undead_b, grunt_livestock, nicolae_ru_great_annihilating_truth,
          uniq_duvessa
D:8:      serial_shops, kennysheep_little_box, minmay_misc_feat_ornament
D:9:      minmay_orc_entry_temple_small, nrook_guardian_serpent_ordinary,
          uniq_maurice
D:10:     minmay_distorted_concentric_squares, due_lair_maze_entry_diamond,
          lightli_swarmer
Temple:   grunt_circular_temple_18
Lair:1:   cheibrodos_lair_caveside_slide, grunt_megastairs_2,
          serial_bayou_shore_a
Lair:2:   portal_ice_cave_entry_imps, hangedman_lair_unloving_vines,
          minivault_26, grunt_megastairs_4
IceCv:    ice_cave_statue_garden_01

Action                   |  1- 3 |  4- 6 |  7- 9 | 10-12 || total
-------------------------+-------+-------+-------+-------++-------
Melee: Flail             |   147 |   154 |    95 |   702 ||  1098
       Mace              |       |    42 |   157 |       ||   199
       Morningstar       |       |       |   187 |       ||   187
Throw: Throwing net      |     1 |     2 |       |       ||     3
       Javelin           |       |     3 |     5 |     5 ||    13
       Tomahawk          |       |       |       |     1 ||     1
Evoke: Wand              |       |       |       |     4 ||     4
       Rod               |       |       |       |     2 ||     2
  Use: Scroll            |     4 |       |     9 |     7 ||    20
       Potion            |     1 |     4 |     5 |     8 ||    18
 Stab: Invisible         |       |     1 |       |       ||     1
       Distracted        |       |       |       |     1 ||     1
       Paralysed         |       |       |       |     1 ||     1
  Eat: Chunk             |     1 |     4 |    15 |    17 ||    37
       Beef jerky        |       |       |     1 |     1 ||     2
